[Event "December 12 Late 2023"]
[Site "https://www.chess.com"]
[Date "2023.12.12"]
[Round "11"]
[White "Sarana, Alexey"]
[Black "Gabuzyan, Hovhannes"]
[Result "1-0"]
[Board "10"]
[TimeControl "180+1"]
[WhiteFideId "24133795"]
[BlackFideId "13303732"]
[WhiteElo "3040"]
[BlackElo "2854"]
[WhiteTeam "SRB"]
[BlackTeam "ARM"]
[WhiteClock "0:01:12"]
[BlackClock "0:00:00"]

1. d4 Nf6 2. c4 b6 3. f3 c5 4. d5 d6 5. e4 g6 6. Bd3 Bg7 7. Ne2 Na6 8. Nbc3 Nc7 9. Be3 a6 10. Qd2 Bd7 11. a4 b5 12. O-O bxc4 13. Bxc4 Rb8 14. b3 O-O 15. Rae1 e6 16. g4 exd5 17. exd5 Re8 18. Ng3 Bc8 19. Bf4 a5 20. g5 Rxe1 21. Rxe1 Nfe8 22. h4 Ba6 23. Bxa6 Nxa6 24. Nb5 Nac7 25. Qxa5 Nxb5 26. Qxd8 Rxd8 27. axb5 Nc7 28. b6 Nxd5 29. Bxd6 Bd4+ 30. Kh2 Bf2 31. Re2 Rxd6 32. Re8+ Kg7 33. b7 Rb6 34. b8=Q Rxb8 35. Rxb8 Nf4 36. Rc8 h6 37. Ne4 Bxh4 38. gxh6+ Kh7 39. Rxc5 Kxh6 40. b4 Ne6 41. Rc8 Kg7 42. b5 Be7 43. b6 1-0

[Event "December 12 Late 2023"]
[Site "https://www.chess.com"]
[Date "2023.12.12"]
[Round "11"]
[White "Paravyan, David"]
[Black "Yuan, Qingyu"]
[Result "1-0"]
[Board "11"]
[TimeControl "180+1"]
[WhiteFideId "4194985"]
[BlackFideId "8609772"]
[WhiteElo "3019"]
[BlackElo "2799"]
[WhiteTeam "FID"]
[BlackTeam "CHN"]
[WhiteClock "0:00:25"]
[BlackClock "0:00:00"]

1. e4 e5 2. Nf3 Nc6 3. Bc4 Bc5 4. d3 Nf6 5. O-O O-O 6. c3 d5 7. exd5 Nxd5 8. a4 Bf5 9. b4 Be7 10. Re1 Nb6 11. Bb5 e4 12. dxe4 Qxd1 13. Rxd1 Bxe4 14. Nbd2 Bg6 15. Bxc6 bxc6 16. Nb3 Bc2 17. Re1 Bf6 18. Nbd4 Bxa4 19. Bf4 Rfc8 20. Be5 Be7 21. Bxg7 Bxb4 22. Nf5 Bf8 23. Bd4 Bc2 24. Ne7+ Bxe7 25. Rxe7 Nd5 26. Re2 Bd3 27. Rea2 a6 28. Ne5 Bf5 29. Ra5 f6 30. Nxc6 Bd7 31. Na7 Rxa7 32. Bxa7 Bb5 33. c4 Bxc4 34. Rc5 Bb3 35. Ra3 Nf4 36. Rxb3 Rd8 37. h3 Rd1+ 38. Kh2 Ne6 39. Rc6 Kf7 40. Rxa6 Nf4 41. Rf3 Ne6 42. Be3 Rb1 43. Rf5 Ra1 44. Rxa1 1-0

[Event "December 12 Late 2023"]
[Site "https://www.chess.com"]
[Date "2023.12.12"]
[Round "11"]
[White "Troff, Kayden"]
[Black "Khismatullin, Denis"]
[Result "1-0"]
[Board "12"]
[TimeControl "180+1"]
[WhiteFideId "2047896"]
[BlackFideId "4142578"]
[WhiteElo "2788"]
[BlackElo "2953"]
[WhiteTeam "USA"]
[BlackTeam "RUS"]
[WhiteClock "0:00:06"]
[BlackClock "0:00:00"]

1. d4 Nf6 2. Nf3 d5 3. Bf4 c5 4. e3 Nc6 5. Nc3 cxd4 6. Nxd4 Bg4 7. Nxc6 bxc6 8. Qd4 Bd7 9. e4 Qb6 10. Qxb6 axb6 11. e5 Ng4 12. h3 g5 13. Bxg5 Nxe5 14. Be3 b5 15. f4 Ng6 16. g4 Bg7 17. Nd1 h5 18. g5 e5 19. fxe5 Bxe5 20. c3 O-O 21. Kd2 Rfe8 22. Nf2 Bg3 23. Nd3 Bf5 24. Nc5 Rxe3 25. Kxe3 Re8+ 26. Kf3 h4 27. Rd1 Bd6 28. Bd3 Bxc5 29. Bxf5 Re3+ 30. Kg4 Rg3+ 31. Kh5 Nf4+ 32. Kxh4 Bf2 33. Rhf1 Ng2+ 34. Kh5 Rf3 35. Bg4 Nf4+ 36. Kh6 Bc5 37. g6 Bf8+ 38. Kg5 Be7+ 39. Kh6 Bf8+ 40. g7 Bxg7+ 41. Kg5 Nxh3+ 42. Kh4 Bf6+ 43. Kh5 Nf4+ 44. Kh6 Bg7+ 45. Kg5 Nh3+ 46. Bxh3 Rxh3 47. Kg4 Rh2 48. Rb1 Kf8 49. Kf4 Ke7 50. Rfe1+ Kd6 51. Kg3 Rc2 52. Kf3 Be5 53. Re2 f6 54. Rxc2 1-0

[Event "December 12 Late 2023"]
[Site "https://www.chess.com"]
[Date "2023.12.12"]
[Round "11"]
[White "Postny, Evgeny"]
[Black "Durarbayli, Vasif"]
[Result "0-1"]
[Board "13"]
[TimeControl "180+1"]
[WhiteFideId "2804344"]
[BlackFideId "13402935"]
[WhiteElo "2779"]
[BlackElo "2917"]
[WhiteTeam "ISR"]
[BlackTeam "AZE"]
[WhiteClock "0:00:08"]
[BlackClock "0:00:14"]

1. e4 c5 2. Nf3 d6 3. Bb5+ Nd7 4. O-O a6 5. Bd3 Ngf6 6. c3 e6 7. Bc2 c4 8. d4 cxd3 9. Bxd3 Nc5 10. Re1 Nxd3 11. Qxd3 Be7 12. c4 O-O 13. Nc3 b6 14. b3 Bb7 15. Bb2 Qc7 16. Rad1 Rfd8 17. Nd4 Rac8 18. f3 Qb8 19. Kh1 Ba8 20. a4 Rc5 21. Nc2 Rh5 22. h3 b5 23. axb5 axb5 24. Nxb5 d5 25. exd5 Qg3 26. Qf1 Nxd5 27. cxd5 Bxd5 28. Nbd4 Bd6 29. Kg1 Rxh3 30. f4 Qh2+ 31. Kf2 Bxf4 32. Ke2 Bxg2 33. Qf2 Bg3 34. Qg1 Bf3+ 35. Kd3 Bxd1 36. Qxh2 Bxh2+ 37. Kc4 Bxc2 38. Nxc2 Rc8+ 0-1

[Event "December 12 Late 2023"]
[Site "https://www.chess.com"]
[Date "2023.12.12"]
[Round "11"]
[White "Chigaev, Maksim"]
[Black "Atakhan, Abtin"]
[Result "1/2-1/2"]
[Board "14"]
[TimeControl "180+1"]
[WhiteFideId "4108116"]
[BlackFideId "22502203"]
[WhiteElo "2893"]
[BlackElo "2753"]
[WhiteTeam "ESP"]
[BlackTeam "IRI"]
[WhiteClock "0:00:06"]
[BlackClock "0:00:26"]

1. d4 Nf6 2. c4 g6 3. Nc3 d5 4. cxd5 Nxd5 5. e4 Nxc3 6. bxc3 Bg7 7. Bc4 c5 8. Ne2 Nc6 9. Be3 O-O 10. h4 cxd4 11. cxd4 Qa5+ 12. Kf1 Qa3 13. Qb3 Qd6 14. Rd1 Na5 15. Qd3 Nxc4 16. Qxc4 Qa3 17. Bc1 Qa5 18. h5 b6 19. Qb3 Ba6 20. hxg6 hxg6 21. Qh3 Rfc8 22. Qh7+ Kf8 23. Bh6 Ke8 24. Qxg7 Rc2 25. Qf8+ Kd7 26. Qxa8 Bxe2+ 27. Kg1 Bxd1 28. Bf4 Qe1+ 29. Kh2 Qxf2 30. Qb7+ Kd8 31. Qd5+ Ke8 32. Qa8+ Kd7 33. Qxa7+ Ke8 34. Qa8+ Kd7 35. Qb7+ Ke8 36. Qa8+ Kd7 37. Qd5+ Ke8 38. Qa8+ 1/2-1/2

[Event "December 12 Late 2023"]
[Site "https://www.chess.com"]
[Date "2023.12.12"]
[Round "11"]
[White "Gorovets, Andrey"]
[Black "Nagare Kaivalya Sandip"]
[Result "1-0"]
[Board "15"]
[TimeControl "180+1"]
[WhiteFideId "13504037"]
[BlackFideId "25957929"]
[WhiteElo "2854"]
[BlackElo "2694"]
[WhiteTeam "BLR"]
[BlackTeam "IND"]
[WhiteClock "0:00:08"]
[BlackClock "0:00:12"]

1. Nf3 Nf6 2. g3 g6 3. c4 Bg7 4. d4 O-O 5. Bg2 d6 6. Nc3 c5 7. d5 a6 8. a4 a5 9. O-O Bg4 10. h3 Bc8 11. e4 Nbd7 12. Re1 Ne8 13. Bf4 Ne5 14. Qe2 b6 15. Rac1 Bd7 16. b3 Qc8 17. Kh2 h5 18. Nd2 h4 19. gxh4 Nf6 20. Be3 Nh5 21. f4 Bf6 22. Nf1 Bxh4 23. fxe5 Bxe1 24. Qxe1 dxe5 25. Qh4 f6 26. Ng3 Ng7 27. Nh1 Kf7 28. Nf2 Rh8 29. Qg3 Nh5 30. Qf3 g5 31. Bxg5 Qg8 32. Be3 Qh7 33. d6 e6 34. Kg1 Rag8 35. Ng4 Ke8 36. Ne2 Rg6 37. Rf1 Rhg8 38. Rf2 Bc6 39. Ng3 f5 40. Nxf5 exf5 41. Qxf5 Bd7 42. Qxe5+ Kd8 43. Qd5 Bxg4 44. hxg4 Rxg4 45. Qa8+ Kd7 46. Qb7+ Kxd6 47. e5+ Kxe5 48. Qd5# 1-0

[Event "December 12 Late 2023"]
[Site "https://www.chess.com"]
[Date "2023.12.12"]
[Round "11"]
[White "Sivakumar, Shaaketh"]
[Black "Holt, Conrad"]
[Result "1-0"]
[Board "16"]
[TimeControl "180+1"]
[WhiteFideId "30940176"]
[BlackFideId "2034387"]
[WhiteElo "2616"]
[BlackElo "2805"]
[WhiteTeam "USA"]
[BlackTeam "USA"]
[WhiteClock "0:01:02"]
[BlackClock "0:00:00"]

1. Nf3 d5 2. d4 Nf6 3. Bf4 c5 4. e3 Nc6 5. Nbd2 Bf5 6. c3 e6 7. Qb3 Qc8 8. c4 Be7 9. Be2 O-O 10. O-O cxd4 11. Nxd4 Nxd4 12. exd4 dxc4 13. Bxc4 Qd7 14. Nf3 Rfc8 15. Rfd1 Bd6 16. Ne5 Qe7 17. Rac1 h6 18. f3 a6 19. a4 Rc7 20. Qb6 Rd8 21. Kh1 Bxe5 22. Bxe5 Rc6 23. Qb3 Rdc8 24. Rc3 Bg6 25. Rdc1 Kh7 26. a5 Qd7 27. Qd1 Nd5 28. Bxd5 Qxd5 29. Qa4 f6 30. Bg3 Rxc3 31. bxc3 Rc4 32. Qa3 Qc6 33. Bf2 Ra4 34. Qe7 Rxa5 35. h3 Ra2 36. Bh4 Kh8 37. c4 Bf5 38. c5 1-0

[Event "December 12 Late 2023"]
[Site "https://www.chess.com"]
[Date "2023.12.12"]
[Round "11"]
[White "Pakleza, Zbigniew"]
[Black "Pranav, V"]
[Result "0-1"]
[Board "17"]
[TimeControl "180+1"]
[WhiteFideId "1119290"]
[BlackFideId "25060783"]
[WhiteElo "2723"]
[BlackElo "3027"]
[WhiteTeam "POL"]
[BlackTeam "IND"]
[WhiteClock "0:00:00"]
[BlackClock "0:00:45"]

1. d4 d5 2. Nf3 c5 3. c3 Nf6 4. Bf4 Nc6 5. Nbd2 cxd4 6. cxd4 g6 7. e3 Bg7 8. Bd3 O-O 9. h3 a6 10. a3 Bd7 11. O-O Rc8 12. b4 Bf5 13. Bxf5 gxf5 14. Nb3 Ne4 15. Nc5 Nxc5 16. bxc5 b6 17. Rc1 b5 18. a4 b4 19. Qd3 Qd7 20. Qxa6 Ra8 21. Qd3 Rxa4 22. Rb1 Rfa8 23. Rb3 Ra2 24. Rfb1 Qc8 25. Bg3 e6 26. Be5 f6 27. Bd6 R2a3 28. Kh2 Rxb3 29. Rxb3 Ra2 30. Bg3 Qa6 31. Qxa6 Rxa6 32. Ne1 e5 33. Nd3 Ra4 34. f4 e4 35. Ne1 Na5 36. Rb1 b3 37. Bf2 Kf7 38. g4 Bf8 39. Kg1 Rb4 40. Ng2 b2 41. Be1 Ra4 42. Rxb2 Nc4 43. Rb7+ Ke6 44. Nh4 Nxe3 0-1

[Event "December 12 Late 2023"]
[Site "https://www.chess.com"]
[Date "2023.12.12"]
[Round "11"]
[White "Sai Krishna G V"]
[Black "Sjugirov, Sanan"]
[Result "1-0"]
[Board "18"]
[TimeControl "180+1"]
[WhiteFideId "5028280"]
[BlackFideId "4189302"]
[WhiteElo "2721"]
[BlackElo "2916"]
[WhiteTeam "IND"]
[BlackTeam "HUN"]
[WhiteClock "0:00:19"]
[BlackClock "0:00:48"]

1. d4 Nf6 2. c4 e6 3. Nf3 b6 4. g3 Bb7 5. Bg2 Bb4+ 6. Bd2 c5 7. Bxb4 cxb4 8. d5 O-O 9. O-O Na6 10. a3 exd5 11. Nh4 Re8 12. cxd5 Ne4 13. axb4 Nxb4 14. Nc3 Nd6 15. e4 a5 16. f4 Nc4 17. Qd4 Ba6 18. e5 Nc2 19. Qf2 Nxa1 20. Rxa1 b5 21. b3 b4 22. Ne4 Na3 23. Nf5 Rb8 24. Qf3 Qb6+ 25. Kh1 Nb5 26. Nf6+ Kh8 27. Qg4 Rg8 28. Nxh7 Qg6 29. Ng5 Rge8 30. Nh4 Qh6 31. Nxf7+ 1-0

[Event "December 12 Late 2023"]
[Site "https://www.chess.com"]
[Date "2023.12.12"]
[Round "11"]
[White "Martinez Ramirez, Lennis"]
[Black "Indjic, Aleksandar"]
[Result "1-0"]
[Board "19"]
[TimeControl "180+1"]
[WhiteFideId "3509079"]
[BlackFideId "911925"]
[WhiteElo "2729"]
[BlackElo "2894"]
[WhiteTeam "CUB"]
[BlackTeam "SRB"]
[WhiteClock "0:00:09"]
[BlackClock "0:00:28"]

1. Nf3 d5 2. g3 Bg4 3. Bg2 e6 4. c4 c6 5. Ne5 Bf5 6. cxd5 exd5 7. O-O Bd6 8. Nf3 Nf6 9. d3 O-O 10. Nc3 Re8 11. Nd4 Bg4 12. h3 Bh5 13. g4 Bxg4 14. hxg4 Nxg4 15. Nf5 Bh2+ 16. Kh1 g6 17. Nh6+ Nxh6 18. Kxh2 Ng4+ 19. Kg1 Qc7 20. f4 Qb6+ 21. d4 f5 22. e4 dxe4 23. Nxe4 Nd7 24. Nc3 Ndf6 25. Qb3+ Kg7 26. Qxb6 axb6 27. d5 c5 28. d6 Rad8 29. Rd1 Ne4 30. Nxe4 fxe4 31. Bh3 h5 32. Bxg4 hxg4 33. Be3 Re6 34. Rd2 Rexd6 35. Rad1 Rd3 36. Rxd3 exd3 37. Kf2 Kf6 38. Bd2 Kf5 39. Re1 Kf6 40. Kg3 Kf7 41. Kxg4 Rh8 42. Re3 c4 43. Rh3 Re8 44. Rh2 Re4 45. Kf3 Re6 46. Rh7+ Ke8 47. Rxb7 Re2 48. Bc3 Re6 49. Rc7 b5 50. Rc5 Rd6 51. Ke3 Re6+ 52. Re5 Rxe5+ 53. Bxe5 Kd7 54. Bc3 Ke6 55. Ke4 Kd6 56. a3 Ke6 57. Bb4 Kf6 58. Bd2 Ke6 59. Kd4 Kd6 60. a4 bxa4 61. Kxc4 1-0

[Event "December 12 Late 2023"]
[Site "https://www.chess.com"]
[Date "2023.12.12"]
[Round "11"]
[White "Goltsev, Dmitry"]
[Black "Kamsky, Gata"]
[Result "0-1"]
[Board "20"]
[TimeControl "180+1"]
[WhiteFideId "24176710"]
[BlackFideId "2000024"]
[WhiteElo "2679"]
[BlackElo "2857"]
[WhiteTeam "RUS"]
[BlackTeam "USA"]
[WhiteClock "0:00:02"]
[BlackClock "0:01:06"]

1. e4 e5 2. Nf3 Nc6 3. Bb5 a6 4. Ba4 Nf6 5. O-O Be7 6. c3 O-O 7. Re1 b5 8. Bb3 d6 9. d4 Bg4 10. d5 Na5 11. Bc2 c6 12. h3 Bc8 13. dxc6 Qc7 14. Nbd2 Qxc6 15. Nf1 Be6 16. Ne3 Rfe8 17. Ng5 Bd7 18. Nd5 h6 19. Nf3 Nxd5 20. exd5 Qc7 21. g4 Rf8 22. g5 Bxh3 23. Qd3 g6 24. Nh4 Qd7 25. f3 Bxg5 26. Bxg5 hxg5 27. Nxg6 fxg6 28. Qxg6+ Qg7 29. Qxd6 Nc4 30. Qc6 g4 31. Qe6+ Kh8 32. Kh2 Rf6 33. Qxe5 Nxe5 34. Rxe5 Rxf3 35. Rh5+ Kg8 36. Re1 Rf2+ 37. Kg3 0-1

[Event "December 12 Late 2023"]
[Site "https://www.chess.com"]
[Date "2023.12.12"]
[Round "11"]
[White "Karacsonyi, Gellert"]
[Black "Kazakouski, Valery"]
[Result "0-1"]
[Board "21"]
[TimeControl "180+1"]
[WhiteFideId "764620"]
[BlackFideId "13507443"]
[WhiteElo "2669"]
[BlackElo "2829"]
[WhiteTeam "HUN"]
[BlackTeam "LTU"]
[WhiteClock "0:00:08"]
[BlackClock "0:00:06"]

1. e4 c5 2. Nf3 a6 3. d4 cxd4 4. Qxd4 d6 5. c4 Nf6 6. Nc3 g6 7. Bg5 Nc6 8. Qd2 Bg7 9. Be2 h6 10. Be3 Ng4 11. Bf4 g5 12. Bg3 Be6 13. O-O Qa5 14. Rac1 O-O 15. b3 Rfc8 16. Rfd1 b5 17. cxb5 axb5 18. Nxb5 Qxa2 19. Qxa2 Rxa2 20. Bc4 Bd7 21. h3 Nge5 22. Nxe5 Nxe5 23. Bf1 Rxc1 24. Rxc1 Rb2 25. Nd4 Kf8 26. Ra1 e6 27. Ra8+ Ke7 28. Ra7 Rb1 29. b4 Ke8 30. b5 h5 31. Bxe5 Bxe5 32. Nc6 Bxc6 33. bxc6 Rc1 34. g3 Kf8 35. Ra8+ Kg7 36. Rc8 Bd4 37. Kg2 Rc2 38. Bb5 Rxf2+ 39. Kh1 Rc2 40. Rd8 Be5 41. g4 hxg4 42. hxg4 Rc1+ 43. Kg2 Rc5 44. Kf3 Rc3+ 45. Ke2 Kf6 46. Kd2 Rc5 47. Ba4 Bf4+ 48. Kd3 Be5 49. Rd7 Rc3+ 50. Kd2 Rc4 51. Bb5 Rc5 52. Rb7 d5 53. exd5 Rxd5+ 54. Ke3 Bf4+ 55. Ke2 Rc5 56. Ba4 Rc4 57. Bb5 Rc2+ 58. Kd3 Rc1 59. Bc4 Rd1+ 60. Kc3 Rd8 61. Bb5 Rc8 62. Rd7 Rc7 63. Rd3 Ke7 64. Kc4 Bd6 65. Rb3 Ra7 66. Rc3 Bc7 67. Rd3 Bd6 68. Rd1 Rc7 69. Rb1 Bf4 70. Kd4 Kd6 71. Kc4 f5 72. Rd1+ Ke5 73. Kc5 Kf6 74. Kb6 fxg4 75. Rf1 Ke7 76. Rxf4 Rxc6+ 77. Kxc6 gxf4 78. Be2 f3 79. Bd1 Kf6 80. Kc5 Ke5 81. Kc4 Kf4 82. Kd3 e5 83. Kd2 e4 84. Ke1 e3 85. Kf1 e2+ 86. Bxe2 fxe2+ 87. Kxe2 Kg3 88. Kf1 Kh2 0-1

[Event "December 12 Late 2023"]
[Site "https://www.chess.com"]
[Date "2023.12.12"]
[Round "11"]
[White "Piesik, Piotr"]
[Black "Shuvalova, Polina"]
[Result "0-1"]
[Board "22"]
[TimeControl "180+1"]
[WhiteFideId "1136194"]
[BlackFideId "24171760"]
[WhiteElo "2664"]
[BlackElo "2739"]
[WhiteTeam "CZE"]
[BlackTeam "RUS"]
[WhiteClock "0:00:00"]
[BlackClock "0:00:30"]

1. Nf3 d5 2. g3 e6 3. Bg2 Nf6 4. O-O Be7 5. d3 O-O 6. Nbd2 b6 7. e4 dxe4 8. dxe4 Bb7 9. Qe2 c5 10. Rd1 Qc7 11. c3 Nc6 12. Nf1 h6 13. Bf4 e5 14. Bd2 a5 15. Nh4 Rad8 16. Nf5 Rfe8 17. N1e3 Bf8 18. Nd5 Nxd5 19. exd5 Nb8 20. Qg4 Kh8 21. c4 Bc8 22. Qe4 Nd7 23. d6 Qb8 24. Ne7 Nf6 25. Qxe5 Bxe7 26. Bxh6 Rxd6 27. Bxg7+ Kxg7 28. Qg5+ Kh8 29. Re1 Re6 30. Rxe6 Bxe6 31. Qh6+ Nh7 32. Be4 f5 33. Bc6 Bf8 34. Qg6 Re7 0-1

[Event "December 12 Late 2023"]
[Site "https://www.chess.com"]
[Date "2023.12.12"]
[Round "11"]
[White "Rosen, Eric"]
[Black "Olsen, Filip Boe"]
[Result "0-1"]
[Board "23"]
[TimeControl "180+1"]
[WhiteFideId "2032562"]
[BlackFideId "1440640"]
[WhiteElo "2707"]
[BlackElo "2635"]
[WhiteTeam "USA"]
[BlackTeam "DEN"]
[WhiteClock "0:00:06"]
[BlackClock "0:00:12"]

1. e4 c6 2. d4 d5 3. Nc3 dxe4 4. Nxe4 Bf5 5. Ng3 Bg6 6. h4 h6 7. Nf3 Nf6 8. Ne5 Bh7 9. Bd3 Nbd7 10. Bxh7 Nxe5 11. dxe5 Qa5+ 12. Kf1 Nxh7 13. e6 Qd5 14. exf7+ Qxf7 15. Be3 Nf6 16. Qe2 e6 17. Re1 Bd6 18. Rh3 O-O 19. Kg1 Nd5 20. Ne4 Bc7 21. c4 Nf4 22. Bxf4 Qxf4 23. c5 Rad8 24. h5 Rd5 25. Nd6 Bxd6 26. cxd6 Rxd6 27. Rf3 Qd2 28. Rxf8+ Kxf8 29. Qf3+ Kg8 30. Re2 Qc1+ 31. Kh2 Qg5 32. g4 Rd1 33. Kh3 Qd5 34. Qxd5 exd5 35. Re7 b6 36. Rxa7 Rd2 37. f4 Rxb2 38. g5 hxg5 39. fxg5 Rb4 40. g6 Rf4 41. Rb7 Rf8 42. Rxb6 Rc8 43. Kg4 c5 44. Kf3 c4 45. Ke3 c3 46. Rb1 Kf8 47. Kd4 Ke7 48. Kxd5 Kf6 49. Rc1 Kg5 50. Kd4 Kxh5 51. Rxc3 Rd8+ 52. Ke5 Kxg6 53. Rg3+ Kf7 54. a4 Ra8 55. Rg4 Ra5+ 56. Kd6 Kf6 57. Rf4+ Kg5 58. Rc4 Ra6+ 59. Kc7 Kf5 60. Kb7 Ra5 61. Kc6 g5 62. Rc5+ Rxc5+ 63. Kxc5 g4 64. a5 g3 65. a6 g2 66. Kb6 g1=Q+ 67. Kb7 Qg7+ 68. Kb8 Qf8+ 69. Kb7 Qe7+ 70. Kb8 Qd8+ 71. Kb7 Qd7+ 72. Kb8 Qb5+ 73. Ka8 Qxa6+ 74. Kb8 Qc6 75. Ka7 Qb5 76. Ka8 Ke6 77. Ka7 Kd7 78. Ka8 Kc7 79. Ka7 Qb7# 0-1

[Event "December 12 Late 2023"]
[Site "https://www.chess.com"]
[Date "2023.12.12"]
[Round "11"]
[White "Volodin, Aleksandr"]
[Black "Miranda, Rafael"]
[Result "1-0"]
[Board "24"]
[TimeControl "180+1"]
[WhiteFideId "4501950"]
[BlackFideId "130990"]
[WhiteElo "2791"]
[BlackElo "2658"]
[WhiteTeam "EST"]
[BlackTeam "ARG"]
[WhiteClock "0:00:45"]
[BlackClock "0:00:23"]

1. d4 Nf6 2. c4 e6 3. Nf3 d5 4. g3 Bb4+ 5. Bd2 Be7 6. Bg2 c6 7. O-O O-O 8. Qc2 Nbd7 9. Rd1 b6 10. Bf4 Bb7 11. Nbd2 Rc8 12. e4 dxe4 13. Nxe4 Nxe4 14. Qxe4 Nf6 15. Qc2 Qe8 16. c5 Nd5 17. Bd2 bxc5 18. dxc5 Bf6 19. Bg5 Qe7 20. Bxf6 Qxf6 21. Re1 Rfd8 22. Ne5 Qe7 23. a3 a5 24. Rac1 Ra8 25. b3 f6 26. Nd3 Qf7 27. Nb2 Ba6 28. Be4 g6 29. Bg2 e5 30. Rcd1 Rab8 31. Nc4 a4 32. Nb6 Nxb6 33. Rxd8+ Rxd8 34. cxb6 axb3 35. Qxc6 Rb8 36. Bd5 1-0

[Event "December 12 Late 2023"]
[Site "https://www.chess.com"]
[Date "2023.12.12"]
[Round "11"]
[White "Hong, Andrew"]
[Black "Vlassov, Nikolai"]
[Result "1-0"]
[Board "25"]
[TimeControl "180+1"]
[WhiteFideId "2099438"]
[BlackFideId "4103360"]
[WhiteElo "2806"]
[BlackElo "2622"]
[WhiteTeam "USA"]
[BlackTeam "FID"]
[WhiteClock "0:02:19"]
[BlackClock "0:00:00"]

1. Nf3 c5 2. c4 g6 3. d4 Bg7 4. d5 f5 5. Nc3 Nf6 6. Bg5 O-O 7. Qc2 h6 8. Bxf6 Bxf6 9. e4 Bxc3+ 10. Qxc3 fxe4 11. Nd2 d6 12. Nxe4 b5 13. b3 bxc4 14. bxc4 Nd7 15. Be2 Rb8 16. O-O Nf6 17. Qg3 Kg7 18. Nxc5 Rb2 19. Bd3 dxc5 20. Qxg6+ Kh8 21. Qxh6+ Kg8 22. Qg6+ Kh8 23. Rae1 Qe8 24. Qh6+ Kg8 25. Re5 1-0

[Event "December 12 Late 2023"]
[Site "https://www.chess.com"]
[Date "2023.12.12"]
[Round "11"]
[White "Mirzoev, Azer"]
[Black "Ghasi, Ameet K"]
[Result "0-1"]
[Board "26"]
[TimeControl "180+1"]
[WhiteFideId "13400304"]
[BlackFideId "409200"]
[WhiteElo "2620"]
[BlackElo "2783"]
[WhiteTeam "AZE"]
[BlackTeam "ENG"]
[WhiteClock "0:00:00"]
[BlackClock "0:00:05"]

1. d4 Nf6 2. c4 g6 3. Nc3 Bg7 4. e4 d6 5. f3 O-O 6. Bg5 Nc6 7. Nge2 e5 8. d5 Ne7 9. Qd2 c6 10. O-O-O cxd5 11. cxd5 Bd7 12. Kb1 Rc8 13. Nc1 h5 14. Be2 Nh7 15. Be3 f5 16. Nb3 b6 17. h3 Bf6 18. Ba6 Rc5 19. Nxc5 bxc5 20. g4 hxg4 21. hxg4 f4 22. Bf2 Ng5 23. Qe2 Qa5 24. Rc1 Nxf3 25. Qxf3 Qxa6 26. Qh3 Kf7 27. Qg2 Rh8 28. Rxh8 Bxh8 29. Qh3 Bg7 30. Bh4 Ng8 31. Rh1 Nh6 32. Rg1 Qc8 33. Bg5 Nxg4 34. Qf3 c4 35. a3 a6 36. Ka2 Kg8 37. Be7 Bf8 38. Bxf8 Kxf8 39. Qh3 Kg7 40. Qh4 Nf6 41. Rh1 Qf8 42. Qg5 Kf7 43. Ka1 Qg7 44. Nd1 Nxe4 45. Qd8 Nf6 46. Qc7 Qf8 47. Nc3 Qe7 48. Qxc4 e4 49. Qxa6 e3 50. Rf1 g5 51. Qd3 Qe5 52. Ne2 Bf5 53. Qb5 Kg6 54. Nc3 g4 55. a4 g3 56. Qe2 Bg4 57. Qg2 Kg5 58. a5 Qd4 59. Qc2 Qb4 60. Qa4 Qxa4+ 61. Nxa4 g2 62. Rg1 f3 63. Nc3 f2 0-1

[Event "December 12 Late 2023"]
[Site "https://www.chess.com"]
[Date "2023.12.12"]
[Round "11"]
[White "Janaszak, Dawid"]
[Black "Matinian, Nikita"]
[Result "1/2-1/2"]
[Board "27"]
[TimeControl "180+1"]
[WhiteFideId "1119206"]
[BlackFideId "24129100"]
[WhiteElo "2611"]
[BlackElo "2759"]
[WhiteTeam "POL"]
[BlackTeam "FID"]
[WhiteClock "0:00:05"]
[BlackClock "0:00:06"]

1. e4 c5 2. Nc3 Nc6 3. Bb5 Nd4 4. Nf3 a6 5. Bd3 g6 6. b4 Nxf3+ 7. Qxf3 cxb4 8. Nd5 Bg7 9. Rb1 Nf6 10. Bb2 a5 11. h4 h5 12. Bd4 Ra6 13. Bxa6 O-O 14. Bd3 Ng4 15. Bxg7 Kxg7 16. Qg3 d6 17. O-O e6 18. Ne3 Nf6 19. e5 dxe5 20. Qxe5 b6 21. f3 Kg8 22. Rfd1 Nd7 23. Qg3 Nc5 24. Bf1 Bb7 25. c3 bxc3 26. dxc3 Qf6 27. Nc4 Qxc3 28. Qe5 Qc2 29. Rdc1 Qxa2 30. Rxb6 Bd5 31. Ne3 Nd7 32. Qb2 Nxb6 33. Qxb6 a4 34. Nxd5 Qxd5 35. Qc5 Qd8 36. Ra1 Qxh4 37. Qa7 Rd8 38. Rxa4 Qf6 39. Qf2 Rd1 40. Re4 Qc3 41. Kh2 Qc7+ 42. g3 Qc3 43. Bg2 Qc1 44. Re2 Qc7 45. Rc2 Qd6 46. f4 Rd4 47. Re2 h4 48. Re4 hxg3+ 49. Kxg3 Rd3+ 50. Kh2 Rd2 51. Qg3 Qc6 52. Re5 Qc2 53. Rg5 Kg7 54. Qf3 Qb2 55. Rg3 Rf2 56. Qe3 Qe2 57. Qxe2 Rxe2 58. Kg1 Kf6 59. Bf1 Rb2 60. Bd3 Rd2 61. Kf1 Rb2 62. Ke1 Rb4 63. Rf3 Rb2 64. Rf2 Rxf2 65. Kxf2 e5 66. fxe5+ Kxe5 67. Kf3 f5 68. Be2 g5 69. Bd1 g4+ 70. Kg3 Ke4 71. Bxg4 fxg4 72. Kxg4 1/2-1/2

[Event "December 12 Late 2023"]
[Site "https://www.chess.com"]
[Date "2023.12.12"]
[Round "11"]
[White "Aghasiyev, Kamal"]
[Black "Zou, Chen"]
[Result "1-0"]
[Board "28"]
[TimeControl "180+1"]
[WhiteFideId "13402854"]
[BlackFideId "8610959"]
[WhiteElo "2602"]
[BlackElo "2751"]
[WhiteTeam "AZE"]
[BlackTeam "CHN"]
[WhiteClock "0:00:13"]
[BlackClock "0:01:42"]

1. d4 Nf6 2. c4 e6 3. Nc3 Bb4 4. Qc2 d5 5. cxd5 exd5 6. Bg5 c6 7. e3 O-O 8. Bd3 h6 9. Bh4 Re8 10. Ne2 Nbd7 11. O-O Be7 12. Rad1 Nf8 13. Nc1 Bd7 14. Nb3 Ne6 15. f3 a5 16. a4 Qb6 17. Kh1 Rac8 18. e4 Nxe4 19. Bxe7 Nxc3 20. Bc5 Nxd1 21. Bxb6 Ne3 22. Qd2 Nxf1 23. Bxf1 Ng5 24. h4 Ne6 25. Nxa5 Ra8 26. b3 Bc8 27. Bd3 Nf8 28. Qb4 Nd7 29. Bc7 Nf8 30. Nxb7 Ra7 31. Nd6 Re3 32. Qb6 Ra8 33. Bf5 Re1+ 34. Kh2 Bxf5 35. Nxf5 Ne6 36. Be5 Rc1 37. Ne7+ Kh8 38. Nxc6 Rf8 39. Nb4 Rfc8 40. Nxd5 Ra1 41. Nf4 Nf8 42. d5 Kg8 43. Bxa1 Rb8 44. Qxb8 1-0

[Event "December 12 Late 2023"]
[Site "https://www.chess.com"]
[Date "2023.12.12"]
[Round "11"]
[White "Timmermans, Mark"]
[Black "Perea Fruet, Lorenzo"]
[Result "1-0"]
[Board "29"]
[TimeControl "180+1"]
[WhiteFideId "1026399"]
[BlackFideId "24595870"]
[WhiteElo "2736"]
[BlackElo "2586"]
[WhiteTeam "NED"]
[BlackTeam "ESP"]
[WhiteClock "0:02:18"]
[BlackClock "0:01:06"]

1. b4 c6 2. Bb2 Qb6 3. a3 a5 4. c4 Na6 5. d4 axb4 6. c5 Qd8 7. axb4 d5 8. e3 Nf6 9. b5 cxb5 10. Bxb5+ Bd7 11. Bxd7+ Qxd7 12. Nf3 Qb5 13. Qe2 Qxe2+ 14. Kxe2 Ne4 15. Nc3 Nxc3+ 16. Bxc3 Rc8 17. Rhb1 Rc7 18. Ba5 Rc8 19. Rxb7 f6 20. Bb6 Nb8 21. Ra8 1-0

[Event "December 12 Late 2023"]
[Site "https://www.chess.com"]
[Date "2023.12.12"]
[Round "11"]
[White "Przybylski, Wojciech"]
[Black "Bolourchifard, Farzad"]
[Result "0-1"]
[Board "30"]
[TimeControl "180+1"]
[WhiteFideId "1117599"]
[BlackFideId "12510084"]
[WhiteElo "2581"]
[BlackElo "2733"]
[WhiteTeam "POL"]
[BlackTeam "IRI"]
[WhiteClock "0:00:01"]
[BlackClock "0:00:29"]

1. e4 e5 2. Nf3 Nc6 3. Bb5 a6 4. Ba4 d6 5. h3 Bd7 6. c3 g6 7. O-O Bg7 8. d3 Nf6 9. Bc2 O-O 10. Nbd2 h6 11. Re1 Nh5 12. Nf1 Qf6 13. Kh2 Nf4 14. Ne3 g5 15. d4 exd4 16. Nd5 Nxd5 17. exd5 Ne5 18. Nxd4 Qxf2 19. Rf1 Qh4 20. Nf5 Bxf5 21. Bxf5 g4 22. Bxg4 Nxg4+ 23. Qxg4 Qxg4 24. hxg4 Rae8 25. Bf4 Re2 26. Rab1 Rfe8 27. Kg1 Rc2 28. Rf2 Ree2 29. Rxe2 Rxe2 30. a3 Kh7 31. g5 h5 32. Bg3 Kg6 33. Bh4 Bf8 34. Kf1 Rc2 35. Bf2 Kxg5 36. Bd4 Be7 37. a4 Bf6 38. Bf2 Be5 39. a5 f5 40. Be1 Kf4 41. Bf2 Ke4 42. Re1+ Kf4 43. Re2 Rxe2 44. Kxe2 Ke4 45. c4 Bxb2 46. Bh4 Bc3 47. Bd8 Bxa5 48. c5 Kxd5 49. cxd6 Kxd6 50. Kf3 Bd2 51. Ke2 Bh6 52. Bf6 Kd5 53. Kd3 c5 54. Be7 b5 55. Bf6 a5 56. Be7 Bg7 57. Bd8 a4 58. Be7 Bd4 59. Bf8 c4+ 60. Kc2 Bc5 61. Bg7 b4 62. Kb2 Bd4+ 63. Ka2 Bxg7 0-1